[Event "Portuguese-ch U10-12 2022"]
[Site "Fatima"]
[Date "2022.04.10"]
[Round "1.1"]
[White "Abreu, Duarte Ferreira"]
[Black "Farias, David Nuno M E"]
[Result "0-1"]
[ECO "B40"]
[WhiteElo "1125"]
[BlackElo "1826"]
[Annotator "NA RC"]
[PlyCount "54"]
[EventDate "2022.04.10"]
[EventType "swiss"]
[EventCountry "POR"]
[SourceTitle "playchess.com"]
[Source "ChessBase"]
[SourceQuality "1"]
[TimeControl "5400+30"]

1. e4 c5 2. Nf3 e6 3. d4 cxd4 4. Qxd4 Nc6 5. Qd1 Nf6 6. Bg5 Qa5+ 7. Bd2 Qc7 8. Bc3 Nxe4 9. Bb5 Nxc3 ({Inferior is} 9... Qb6 10. Qe2) 10. Nxc3 Be7 11. O-O O-O 12. Ne4 (12. Rc1 {was necessary.}) 12... d5 13. Ng3 Bd7 14. c4 dxc4 15. Bxc4 Rfd8 16. Rc1 Rac8 17. Qe2 Qf4 18. Bd3 Nd4 19. Qe3 Qxe3 20. fxe3 Nxf3+ 21. gxf3 Bc5 22. Kf2 f5 23. f4 $19 Be8 24. Rfd1 Kf8 25. Bc4 Rxd1 26. Rxd1 Bxe3+ 27. Kxe3 Rxc4 0-1

[Event "Portuguese-ch U10-12 2022"]
[Site "Fatima"]
[Date "2022.04.10"]
[Round "1.2"]
[White "De Sousa Silva, Lucas Jose"]
[Black "Oliveira, Afonso Duarte Q"]
[Result "1-0"]
[ECO "B00"]
[WhiteElo "1656"]
[BlackElo "1101"]
[Annotator "NA RC"]
[PlyCount "103"]
[EventDate "2022.04.10"]
[EventType "swiss"]
[EventCountry "POR"]
[SourceTitle "playchess.com"]
[Source "ChessBase"]
[SourceQuality "1"]
[TimeControl "5400+30"]

1. e4 b6 2. d4 Bb7 3. Nd2 d5 4. e5 e6 5. Bd3 c5 6. c3 Nc6 7. Ne2 Qh4 8. g3 Qg4 9. h3 Qg5 10. Nf3 Qd8 11. Ng5 cxd4 12. Nxf7 Kxf7 13. Nf4 g6 14. Qg4 Bc8 15. Nxg6 Bg7 16. Nxh8+ Bxh8 17. Bxh7 Nxe5 18. Qh5+ Kf8 19. cxd4 Nf7 20. Bxg8 Kxg8 21. Qg6+ Bg7 22. h4 Qf6 23. Qxf6 Bxf6 24. Be3 Nd6 25. g4 Nc4 26. b3 Nxe3 27. fxe3 e5 28. g5 Bg7 29. dxe5 Bxe5 30. Rc1 Bb7 31. h5 Kh7 32. Rf1 Rg8 33. Rf7+ Rg7 34. Rxg7+ Kxg7 35. Kf2 d4 36. Rd1 dxe3+ 37. Kxe3 Bc6 38. Rf1 Be8 39. g6 Bd6 40. Kd4 Bc5+ 41. Ke5 Bb4 42. Rc1 Kh6 43. Rc7 Ba3 44. Rh7+ Kg5 45. Ke6 Bxg6 46. hxg6 Kxg6 47. Rxa7 Bc5 48. Kd5 Kf6 49. Rb7 Bg1 50. a4 Be3 51. b4 Bg1 52. a5 1-0

[Event "Portuguese-ch U10-12 2022"]
[Site "Fatima"]
[Date "2022.04.10"]
[Round "1.3"]
[White "Vicente, Joao Vasco Reis"]
[Black "Silva, Daniel Medeiros Avel"]
[Result "0-1"]
[ECO "B13"]
[WhiteElo "2092"]
[BlackElo "2024"]
[Annotator "RC"]
[PlyCount "107"]
[EventDate "2022.04.10"]
[EventType "swiss"]
[EventCountry "POR"]
[SourceTitle "playchess.com"]
[Source "ChessBase"]
[SourceQuality "1"]
[TimeControl "5400+30"]

1. e4 c6 2. d4 d5 3. exd5 cxd5 4. g3 Bf5 5. Bg2 e6 6. Nf3 Nf6 7. O-O Be7 8. Nbd2 Nc6 9. c4 O-O 10. b3 dxc4 11. Nxc4 Nd5 12. Bb2 Rc8 13. Rc1 Ncb4 14. a3 Nd3 15. Rc2 Nxb2 16. Rxb2 b5 17. Ne3 Nxe3 18. fxe3 Bxa3 19. Ra2 Bd6 20. Nh4 Qg5 21. Nxf5 exf5 22. Qd3 Rfe8 23. Rxf5 Rxe3 24. Rxg5 Rxd3 25. Rxb5 Rxd4 26. Rxa7 Rd1+ 27. Kf2 Rd2+ 28. Kf3 g6 29. Bh3 Rc3+ 30. Ke4 f5+ 31. Bxf5 gxf5+ 32. Rxf5 Rxh2 33. Ra8+ Kg7 34. Rb5 Rhc2 35. Ra6 Rc6 36. Rxc6 Rxc6 37. Kd5 Ra6 38. Rb7+ Kg6 39. b4 Bxg3 40. b5 Rf6 41. Ra7 Bf2 42. Ra6 Bb6 43. Ke5 Rf5+ 44. Ke4 Rxb5 45. Kf4 h5 46. Kg3 Kg5 47. Ra8 Rb3+ 48. Kg2 Bc7 49. Rg8+ Kh4 50. Rf8 Bg3 51. Rf1 Kg4 52. Rg1 Rb2+ 53. Kf1 Kf3 54. Rxg3+ 0-1

[Event "Portuguese-ch U10-12 2022"]
[Site "Fatima"]
[Date "2022.04.10"]
[Round "1.4"]
[White "Cymbron, Victoria"]
[Black "Sismeiro, Sofia"]
[Result "1-0"]
[ECO "B01"]
[WhiteElo "1494"]
[BlackElo "1090"]
[Annotator "NA RC"]
[PlyCount "77"]
[EventDate "2022.04.10"]
[EventType "swiss"]
[EventCountry "POR"]
[SourceTitle "playchess.com"]
[Source "ChessBase"]
[SourceQuality "1"]
[TimeControl "5400+30"]

1. e4 d5 2. exd5 Qxd5 3. Nc3 Qa5 4. d4 Nf6 5. Bd3 e6 6. Nf3 c6 7. O-O Bd6 8. Bd2 Qc7 9. Qe2 Nbd7 10. Ne4 Nxe4 11. Bxe4 Nf6 12. Bd3 Bd7 13. c3 h6 14. Rae1 O-O-O 15. Ne5 Be8 16. a4 Nd7 17. f4 g5 18. Bc2 f6 19. Nc4 Bf7 20. Nxd6+ Qxd6 21. b4 Rdg8 22. b5 c5 23. Qc4 Kb8 24. Be3 Rc8 25. dxc5 Nxc5 26. Rd1 Qe7 27. Qb4 Qf8 28. fxg5 hxg5 29. Rxf6 Qe7 30. Rf2 Qc7 31. g3 Bh5 32. Re1 g4 33. Bd4 Ka8 34. Bxh8 Rxh8 35. Qd4 Rd8 36. Qe5 Qxe5 37. Rxe5 Rd5 38. Rf8+ Rd8 39. Rxd8# 1-0

[Event "Portuguese-ch U10-12 2022"]
[Site "Fatima"]
[Date "2022.04.10"]
[Round "1.5"]
[White "Freitas, Marcos Antonio da Co"]
[Black "Albuquerque, Eduardo Ferreira"]
[Result "0-1"]
[ECO "B18"]
[WhiteElo "1881"]
[BlackElo "1828"]
[Annotator "NA RC"]
[PlyCount "44"]
[EventDate "2022.04.10"]
[EventType "swiss"]
[EventCountry "POR"]
[SourceTitle "playchess.com"]
[Source "ChessBase"]
[SourceQuality "1"]
[TimeControl "5400+30"]

1. e4 c6 2. d4 d5 3. Nc3 dxe4 4. Nxe4 Bf5 5. Bd3 Qxd4 6. Nf3 Qd8 7. O-O e6 8. Bf4 Be7 (8... Bxe4 $5 9. Bxe4 Qxd1 10. Raxd1 (10. Rfxd1 Nf6 $11) 10... Nf6 $11) 9. Re1 Bxe4 10. Bxe4 Nf6 11. Bd3 O-O 12. c3 Nbd7 13. Bc2 Nd5 14. Qd3 g6 15. Bh6 Re8 $1 16. Qd4 Bf6 17. Ne5 Nxe5 18. Rxe5 Bxe5 19. Qxe5 Qf6 20. Qg3 e5 21. c4 Nf4 22. Bg5 $19 (22. Re1) 22... Ne2+ 0-1

[Event "Portuguese-ch U10-12 2022"]
[Site "Fatima"]
[Date "2022.04.10"]
[Round "1.6"]
[White "Almeida, Diogo Rodrigues Sant"]
[Black "Pereira, Joao Pedro Santos De"]
[Result "1-0"]
[ECO "C65"]
[WhiteElo "1467"]
[BlackElo "1734"]
[Annotator "NA RC"]
[PlyCount "62"]
[EventDate "2022.04.10"]
[EventType "swiss"]
[EventCountry "POR"]
[SourceTitle "playchess.com"]
[Source "ChessBase"]
[SourceQuality "1"]
[TimeControl "5400+30"]

1. e4 e5 2. Nf3 Nc6 3. Bb5 Nf6 4. O-O Bc5 5. Re1 d6 6. h3 O-O 7. c3 Bd7 8. d4 exd4 9. cxd4 Bb6 10. Nc3 h6 11. a3 Re8 12. e5 Nh7 13. Bf4 Ng5 14. Bxc6 Bxc6 15. d5 dxe5 16. Bxg5 hxg5 17. dxc6 bxc6 18. Qxd8 Raxd8 19. Rad1 Rxd1 20. Rxd1 f6 21. Na4 Re7 22. Nxb6 cxb6 23. Kf1 Kf7 24. Ke2 Ke6 25. g4 Rd7 26. Rd4 Rd6 27. Rxd6+ Kxd6 28. Nd2 g6 29. Nc4+ Kd5 30. Na5 e4 31. Nc4 Ke6 1-0

[Event "Portuguese-ch U10-12 2022"]
[Site "Fatima"]
[Date "2022.04.10"]
[Round "1.7"]
[White "Camacho, Francisca Fernandes"]
[Black "Moldovan, Lucas Gabriel"]
[Result "0-1"]
[ECO "A45"]
[WhiteElo "1045"]
[BlackElo "1575"]
[Annotator "NA RC"]
[PlyCount "60"]
[EventDate "2022.04.10"]
[EventType "swiss"]
[EventCountry "POR"]
[SourceTitle "playchess.com"]
[Source "ChessBase"]
[SourceQuality "1"]
[TimeControl "5400+30"]

1. d4 Nf6 2. e3 g6 3. Bd3 Bg7 4. Nf3 O-O 5. O-O d6 6. c3 Nc6 7. e4 e5 8. d5 Ne7 9. Bg5 h6 10. Be3 Ne8 11. Nh4 Nxd5 12. exd5 Qxh4 13. g3 Qe7 14. Nd2 Bh3 15. Re1 Nf6 16. c4 Ng4 17. f3 Nxe3 18. Rxe3 Bd7 19. Ne4 f5 20. Nf2 Qf7 21. Re2 Rae8 22. Qb3 e4 23. Bc2 exf3 24. Qxf3 Rxe2 25. Qxe2 Re8 26. Qd2 Qe7 27. Re1 Qxe1+ 28. Qxe1 Rxe1+ 29. Kg2 Re2 30. Bd3 Rxb2 0-1

[Event "Portuguese-ch U10-12 2022"]
[Site "Fatima"]
[Date "2022.04.10"]
[Round "1.8"]
[White "Zhang, Xin An"]
[Black "De Melo, Samuel Duarte"]
[Result "1-0"]
[ECO "D02"]
[WhiteElo "1487"]
[BlackElo "1382"]
[Annotator "NA RC"]
[PlyCount "59"]
[EventDate "2022.04.10"]
[EventType "swiss"]
[EventCountry "POR"]
[SourceTitle "playchess.com"]
[Source "ChessBase"]
[SourceQuality "1"]
[TimeControl "5400+30"]

1. d4 d5 2. Bf4 Nf6 3. Nf3 e6 4. e3 Be7 5. Nbd2 O-O 6. c3 Nbd7 7. Bd3 b6 8. O-O a5 9. e4 Ba6 10. Bxa6 Rxa6 11. Qe2 Ra7 12. h3 Qa8 13. e5 Ne4 14. Nxe4 dxe4 15. Nd2 e3 16. Bxe3 f6 17. Qc4 Qd5 18. Qxd5 exd5 19. exf6 Bxf6 20. Rae1 Raa8 21. Nf3 a4 22. Bg5 Rab8 23. Bxf6 Nxf6 24. Re7 c5 25. Rfe1 Ne4 26. c4 dxc4 27. R1xe4 cxd4 28. Rxd4 Rbc8 29. Rdd7 g6 30. Rg7+ 1-0

[Event "Portuguese-ch U10-12 2022"]
[Site "Fatima"]
[Date "2022.04.11"]
[Round "2.1"]
[White "Farias, David"]
[Black "Fernandes, Martim"]
[Result "1-0"]
[ECO "B48"]
[WhiteElo "1894"]
[BlackElo "1413"]
[Annotator "NA RC"]
[PlyCount "47"]
[EventDate "2022.04.10"]
[EventType "swiss"]
[EventCountry "POR"]
[SourceTitle "playchess.com"]
[Source "ChessBase"]
[SourceQuality "1"]
[TimeControl "5400+30"]

1. e4 c5 2. Nf3 e6 3. d4 cxd4 4. Nxd4 Nc6 5. Nc3 Qc7 6. Be3 Nf6 7. g4 Qa5 $2 {[%emt 0:21:11] [#]} (7... Nxd4 $11 8. Bxd4 Bb4 9. Bxf6 gxf6) 8. Nb3 $1 Qc7 9. g5 Ng8 10. Qd2 (10. a3 $142) 10... a6 11. Na4 (11. f4 $18) 11... b5 $1 12. Nac5 (12. Nb6 $14 Rb8 13. Nxc8) 12... d6 (12... Ne5 $11 13. Qe2 h6) 13. Nd3 Nge7 14. O-O-O Ng6 (14... a5 $14) 15. f4 Be7 16. h4 h6 17. Qc3 (17. Bg2 $18 {and White stays clearly on top.}) 17... Kf8 $2 (17... hxg5 $16 18. fxg5 Bb7) 18. Bg2 hxg5 19. hxg5 Rxh1 20. Rxh1 Kg8 21. f5 exf5 22. exf5 Nge5 23. Nxe5 dxe5 $18 24. Qxc6 1-0

[Event "Portuguese-ch U10-12 2022"]
[Site "Fatima"]
[Date "2022.04.11"]
[Round "2.2"]
[White "Pinto, Jose Joao Meireles A"]
[Black "De Sousa Silva, Lucas Jose"]
[Result "0-1"]
[ECO "D00"]
[WhiteElo "1288"]
[BlackElo "1656"]
[Annotator "NA RC"]
[PlyCount "84"]
[EventDate "2022.04.10"]
[EventType "swiss"]
[EventCountry "POR"]
[SourceTitle "playchess.com"]
[Source "ChessBase"]
[SourceQuality "1"]
[TimeControl "5400+30"]

1. d4 d5 2. Bf4 c5 3. e3 Nc6 4. c3 Bf5 5. Bd3 Bxd3 6. Qxd3 e6 7. Nf3 Nf6 8. Nbd2 Be7 9. O-O Nh5 10. Rfe1 cxd4 11. Nxd4 Bf6 12. Nxc6 bxc6 13. Bg3 O-O 14. Qe2 Nxg3 15. hxg3 Rb8 16. Rab1 Qa5 17. b4 Qxa2 18. Ra1 Qb2 19. Rab1 Qxc3 20. Rec1 Qa3 21. Rxc6 Rxb4 22. Rxb4 Qxb4 23. Ra6 Qb7 24. Nf3 Rc8 25. Qa2 Rc1+ 26. Kh2 Ra1 27. Qc2 Rxa6 28. g4 Rc6 29. Qa4 h6 30. Qf4 Qc7 31. g5 hxg5 32. Qxc7 Rxc7 33. Nd2 a5 34. Nb3 a4 35. Na5 a3 36. f3 a2 37. Nb3 Rb7 38. Nc5 Rb2 39. Nb3 Rxb3 40. e4 dxe4 41. g4 a1=Q 42. f4 Qa2+ 0-1

[Event "Portuguese-ch U10-12 2022"]
[Site "Fatima"]
[Date "2022.04.11"]
[Round "2.3"]
[White "Da Silva, Daniel Leite"]
[Black "Nogueira, Rafael Calade"]
[Result "1-0"]
[ECO "B12"]
[WhiteElo "2023"]
[BlackElo "1263"]
[Annotator "RC"]
[PlyCount "115"]
[EventDate "2022.04.10"]
[EventType "swiss"]
[EventCountry "POR"]
[SourceTitle "playchess.com"]
[Source "ChessBase"]
[SourceQuality "1"]
[TimeControl "5400+30"]

1. e4 c6 2. d4 d5 3. e5 Bf5 4. h4 h6 5. g4 Bh7 6. Bd3 Bxd3 7. Qxd3 e6 8. Be3 Nd7 9. Nd2 Qb6 10. Qb3 c5 11. c3 Qxb3 12. Nxb3 cxd4 13. Bxd4 Ne7 14. f4 b6 15. h5 Nc6 16. Nf3 Nc5 17. Ke2 Ne4 18. Rh3 Bc5 19. Nfd2 Nxd2 20. Kxd2 Bxd4 21. Nxd4 Nxd4 22. cxd4 Rc8 23. Rc1 Rxc1 24. Kxc1 Kd7 25. Ra3 Rc8+ 26. Kd2 a5 27. Rc3 Rxc3 28. bxc3 Kc6 29. f5 exf5 30. gxf5 b5 31. Kc2 Kc7 32. Kd3 Kc6 33. Ke3 Kd7 34. Kf3 Ke7 35. Kf4 Kd7 36. Kf3 Ke7 37. Ke2 Kd7 38. Kd3 Kc6 39. Kc2 Kc7 40. Kb3 Kb7 41. a4 Kb6 42. e6 fxe6 43. fxe6 bxa4+ 44. Kxa4 Kc6 45. Kxa5 Kd6 46. Kb6 Kxe6 47. Kc6 g6 48. hxg6 h5 49. g7 Kf7 50. g8=Q+ Kxg8 51. Kxd5 h4 52. Ke4 Kf7 53. Kf4 Ke6 54. c4 h3 55. Kg3 Kf5 56. c5 Ke6 57. Kxh3 Kd5 58. Kg4 1-0

[Event "Portuguese-ch U10-12 2022"]
[Site "Fatima"]
[Date "2022.04.11"]
[Round "2.4"]
[White "Frolov, Ilya"]
[Black "Cymbron, Victoria"]
[Result "1-0"]
[ECO "B10"]
[WhiteElo "1271"]
[BlackElo "1494"]
[Annotator "NA RC"]
[PlyCount "125"]
[EventDate "2022.04.10"]
[EventType "swiss"]
[EventCountry "POR"]
[SourceTitle "playchess.com"]
[Source "ChessBase"]
[SourceQuality "1"]
[TimeControl "5400+30"]

1. e4 c6 2. Nc3 d5 3. Qf3 dxe4 4. Nxe4 Nf6 5. Bc4 Nbd7 6. d4 Nb6 7. Nxf6+ exf6 8. Qe3+ Be7 9. Bd3 Be6 10. Ne2 Qd7 11. f3 Nd5 12. Qf2 Nb4 13. Nf4 Nxd3+ 14. Nxd3 O-O-O 15. Be3 Rhe8 16. O-O Bc4 17. Rfd1 Bd6 18. b3 Bxd3 19. Rxd3 Qc7 20. g3 f5 21. f4 Re4 22. d5 Rde8 23. dxc6 Qxc6 24. Rad1 Rxe3 25. Rxd6 Qf3 26. Qxf3 Rxf3 27. R6d3 Rxd3 28. Rxd3 Re2 29. Rc3+ Kd7 30. a4 f6 31. Rc4 Re4 32. Rc3 g5 33. Rf3 Ke6 34. Kf2 h5 35. Re3 Rxe3 36. Kxe3 Kd5 37. Kd3 a5 38. c3 Kc5 39. Kc2 b6 40. Kd3 g4 41. Ke3 Kd5 42. Kf2 Ke4 43. Ke2 Kd5 44. Kd2 Kd6 45. b4 Kc6 46. Kd3 Kd7 47. Kd4 Kd6 48. Kc4 Kc6 49. Kd3 Kd7 50. Ke3 Kc6 51. Kd3 Kd7 52. bxa5 bxa5 53. Kd4 Kd6 54. c4 Kc6 55. c5 Kc7 56. Kd5 Kd7 57. c6+ Kc7 58. Kc5 Kc8 59. Kb6 Kb8 60. Kxa5 Kc7 61. Kb5 Kc8 62. a5 Kc7 63. a6 1-0

[Event "Portuguese-ch U10-12 2022"]
[Site "Fatima"]
[Date "2022.04.11"]
[Round "2.5"]
[White "Albuquerque, Eduardo Ferreira"]
[Black "Tarelho, Bruna Silva"]
[Result "1-0"]
[ECO "D11"]
[WhiteElo "1828"]
[BlackElo "1187"]
[Annotator "NA RC"]
[PlyCount "75"]
[EventDate "2022.04.10"]
[EventType "swiss"]
[EventCountry "POR"]
[SourceTitle "playchess.com"]
[Source "ChessBase"]
[SourceQuality "1"]
[TimeControl "5400+30"]

1. d4 d5 2. c4 c6 3. Nf3 Nf6 4. g3 Bg4 5. Ne5 Bh5 6. Bg2 e6 7. O-O Be7 8. Nc3 Nbd7 9. Nxd7 Qxd7 10. cxd5 exd5 11. Bf4 O-O 12. Qb3 h6 13. h3 Rfe8 14. g4 Bg6 15. e3 Nh7 16. Rad1 Ng5 (16... h5 $1 $15 {is superior.}) 17. Rfe1 $17 (17. Be5 $11 {keeps the balance.}) 17... Ne6 (17... h5 $15 18. f3 f5) 18. Bg3 f5 $2 {[%emt 0:03:12] [#]} (18... h5 $11) 19. gxf5 $1 Bxf5 20. e4 dxe4 21. Bxe4 Bxe4 22. Rxe4 ({Worse is} 22. Nxe4 Kh8 $11) 22... Bf6 23. Rde1 Kf7 {[%emt 0:01:51] [#]} 24. Rxe6 $1 Rxe6 25. Rxe6 Kg6 26. Ne2 b6 27. Nf4+ Kh7 28. Qc2+ Kg8 29. Qc4 Kh7 30. Nh5 b5 31. Qd3+ Kg8 32. Rxf6 Re8 33. Rxh6 Re1+ 34. Kh2 Rh1+ 35. Kxh1 Qxh3+ 36. Kg1 gxh6 37. Qg6+ Kf8 38. Bd6# 1-0

[Event "Portuguese-ch U10-12 2022"]
[Site "Fatima"]
[Date "2022.04.11"]
[Round "2.7"]
[White "Moldovan, Lucas"]
[Black "Marques, Joao Goncalo B A"]
[Result "1-0"]
[ECO "C54"]
[WhiteElo "1583"]
[BlackElo "1418"]
[Annotator "NA RC"]
[PlyCount "75"]
[EventDate "2022.04.10"]
[EventType "swiss"]
[EventCountry "POR"]
[SourceTitle "playchess.com"]
[Source "ChessBase"]
[SourceQuality "1"]
[TimeControl "5400+30"]

1. e4 e5 2. Nf3 Nc6 3. Bc4 Bc5 4. c3 Nf6 5. d4 exd4 6. e5 d5 7. Bb5 Ne4 8. cxd4 Bb6 9. Nc3 O-O 10. Bxc6 bxc6 11. O-O Bg4 12. Qc2 Bf5 13. Qa4 Qd7 14. Nxe4 Bxe4 15. Nd2 Bf5 16. Nb3 f6 17. Bf4 Rae8 18. Rfc1 Re6 19. Nc5 Bxc5 20. Rxc5 fxe5 21. Bxe5 Rg6 22. Bg3 Rb8 23. b3 Re8 24. Qxa7 Rge6 25. f3 R8e7 26. Qa5 Qe8 27. Rac1 Qd7 28. Qa8+ Re8 29. Qb7 Re2 30. Qxc6 Qe7 31. Qxd5+ Be6 32. Qb7 Rxa2 33. Qxc7 Bxb3 34. Qxe7 Rxe7 35. Rc8+ Kf7 36. R8c7 Rxc7 37. Rxc7+ Kf8 38. Be5 1-0

[Event "Portuguese-ch U10-12 2022"]
[Site "Fatima"]
[Date "2022.04.11"]
[Round "2.8"]
[White "Ferreira da Silva, Rodrigo"]
[Black "Zhang, Xin An"]
[Result "1-0"]
[ECO "B43"]
[WhiteElo "1905"]
[BlackElo "1580"]
[Annotator "RC"]
[PlyCount "41"]
[EventDate "2022.04.10"]
[EventType "swiss"]
[EventCountry "POR"]
[SourceTitle "playchess.com"]
[Source "ChessBase"]
[SourceQuality "1"]
[TimeControl "5400+30"]

1. e4 c5 2. Nf3 e6 3. d4 cxd4 4. Nxd4 a6 5. Nc3 Qc7 6. Bd3 Bb4 7. O-O Bxc3 8. bxc3 Qxc3 9. Rb1 Ne7 10. Bb2 Qc7 11. Qg4 Ng6 12. Nf3 O-O 13. Nh4 Nc6 14. Nxg6 hxg6 15. Rbe1 d5 16. exd5 exd5 17. Qg5 Nb4 18. Re7 Qd6 19. Be5 Qc5 20. Bxg6 Qxe7 21. Bh7+ 1-0

[Event "Portuguese-ch U10-12 2022"]
[Site "Fatima"]
[Date "2022.04.11"]
[Round "3.1"]
[White "Albuquerque, Eduardo Ferreira"]
[Black "Farias, David Nuno M E"]
[Result "1-0"]
[ECO "D70"]
[WhiteElo "1828"]
[BlackElo "1826"]
[Annotator "NA RC"]
[PlyCount "129"]
[EventDate "2022.04.10"]
[EventType "swiss"]
[EventCountry "POR"]
[SourceTitle "playchess.com"]
[Source "ChessBase"]
[SourceQuality "1"]
[TimeControl "5400+30"]

1. d4 Nf6 2. c4 g6 3. Nf3 Bg7 4. g3 O-O 5. Bg2 d5 6. cxd5 Nxd5 7. Nc3 Nb6 8. O-O Nc6 9. e3 Re8 10. a3 a5 11. Na4 Nxa4 12. Qxa4 Bd7 13. Qc2 a4 14. Bd2 Be6 15. Rac1 Bd5 16. Bc3 f5 17. Nd2 Bxg2 18. Kxg2 e6 $11 19. f3 Re7 20. Rfd1 Qe8 21. Qd3 Rd7 22. Qc4 Qf7 23. Nf1 e5 24. d5 Na5 25. Bxa5 Rxa5 26. e4 h5 27. Qb4 b6 28. Rc6 f4 29. Nd2 fxg3 30. hxg3 Ra8 31. Nc4 g5 32. d6 g4 33. Rf1 Qe6 34. Rxc7 Rf8 35. Rxd7 Qxd7 36. Nxb6 gxf3+ 37. Rxf3 Qg4 38. Rxf8+ Bxf8 39. Qc4+ Kg7 40. d7 Be7 41. Qd3 Kg6 42. Nc4 Qg5 43. Ne3 Bd8 44. Nf5 Kh7 45. Qd5 Qg4 46. Qf7+ Kh8 47. Qc4 Kh7 48. Qf7+ Kh8 49. Qc4 Kh7 50. Qd3 Kg6 51. Qf3 Qg5 52. Nh4+ Kg7 53. Qf2 Qg4 54. Nf5+ Kg6 55. Qc2 Kh7 56. Qd3 Kg6 57. Ne3 Qg5 58. Nd5 Qg4 59. Nb4 Kh7 60. Nc6 Qg5 61. Nxd8 Qxd8 62. Qd5 Kg6 63. Qe6+ Kh7 64. Qe8 Qc7 65. d8=Q 1-0

[Event "Portuguese-ch U10-12 2022"]
[Site "Fatima"]
[Date "2022.04.11"]
[Round "3.2"]
[White "De Sousa Silva, Lucas Jose"]
[Black "Faryma, Matviy"]
[Result "1-0"]
[ECO "C50"]
[WhiteElo "1656"]
[BlackElo "1426"]
[Annotator "NA RC"]
[PlyCount "87"]
[EventDate "2022.04.10"]
[EventType "swiss"]
[EventCountry "POR"]
[SourceTitle "playchess.com"]
[Source "ChessBase"]
[SourceQuality "1"]
[TimeControl "5400+30"]

1. e4 e5 2. Nf3 Nc6 3. Bc4 Bc5 4. Nc3 Nf6 5. d3 h6 6. a3 d6 7. h3 Qe7 8. Be3 Bb6 9. O-O g5 10. Nxg5 hxg5 11. Bxg5 Be6 12. Qf3 Rg8 13. Bxf6 Qd7 14. Bxe6 Qxe6 15. Qf5 Qxf5 16. exf5 Nd4 17. Nd5 Nxf5 18. Nxb6 axb6 19. f4 Ne3 20. Rf2 exf4 21. Re1 Kd7 22. Bd4 Nd5 23. c4 Ne7 24. Rxf4 Raf8 25. Bf6 Ng6 26. Rfe4 Re8 27. h4 Re6 28. Rxe6 fxe6 29. Rf1 e5 30. Bg5 Rf8 31. h5 Rxf1+ 32. Kxf1 Nf8 33. Kf2 Ne6 34. Be3 Ke7 35. Kf3 Kf6 36. g4 Nf8 37. Ke4 Ne6 38. b4 Nf8 39. d4 exd4 40. g5+ Kf7 41. Bxd4 Ke6 42. g6 Nd7 43. h6 Nf8 44. g7 1-0

[Event "Portuguese-ch U10-12 2022"]
[Site "Fatima"]
[Date "2022.04.11"]
[Round "3.3"]
[White "Frolov, Ilya"]
[Black "Silva, Daniel Medeiros Avel"]
[Result "0-1"]
[ECO "B06"]
[WhiteElo "1271"]
[BlackElo "2024"]
[Annotator "NA RC"]
[PlyCount "82"]
[EventDate "2022.04.10"]
[EventType "swiss"]
[EventCountry "POR"]
[SourceTitle "playchess.com"]
[Source "ChessBase"]
[SourceQuality "1"]
[TimeControl "5400+30"]

1. e4 g6 2. d4 Bg7 3. Nc3 c5 4. Nf3 cxd4 5. Nxd4 Nc6 6. Be3 d6 ({Better is} 6... Nf6 $1 $11) 7. Bb5 Bd7 8. O-O Nf6 9. h3 Ne5 10. Bxd7+ (10. f4 $14 {was preferrable.} Nc6 11. Nxc6 bxc6 12. Be2) 10... Qxd7 11. Nf3 Nc4 12. Qc1 O-O 13. Bd4 b5 14. e5 dxe5 15. Bxe5 Nxe5 16. Nxe5 Qb7 17. Nf3 Rfd8 18. a3 Nd5 ({Black should try} 18... Ne8 $17) 19. Nxd5 $15 Rxd5 20. c3 Rad8 21. Qe3 e6 22. Qe2 Qd7 23. Qc2 Bf8 24. Rfe1 Bg7 25. a4 a6 26. axb5 axb5 27. Qb3 h6 28. Ra5 Qc6 29. Rea1 Kh7 30. Ra7 R8d7 31. R7a6 Qc5 32. R6a5 e5 33. Ra7 e4 34. Nh2 Rd2 35. Ng4 Rxa7 36. Rxa7 Qxa7 37. Qxb5 Qa1+ 38. Kh2 Qxb2 39. Qc4 Qa2 40. Qxe4 f5 41. Qe3 fxg4 0-1

[Event "Portuguese-ch U10-12 2022"]
[Site "Fatima"]
[Date "2022.04.11"]
[Round "3.4"]
[White "Almeida, Diogo Rodrigues Sant"]
[Black "Pinto, Jose Joao Meireles A"]
[Result "1-0"]
[ECO "E10"]
[WhiteElo "1467"]
[BlackElo "1288"]
[Annotator "NA RC"]
[PlyCount "77"]
[EventDate "2022.04.10"]
[EventType "swiss"]
[EventCountry "POR"]
[SourceTitle "playchess.com"]
[Source "ChessBase"]
[SourceQuality "1"]
[TimeControl "5400+30"]

1. d4 Nf6 2. c4 e6 3. Nf3 c5 4. Nc3 Nc6 5. d5 exd5 6. cxd5 Nb8 7. e4 d6 8. h3 Nbd7 9. Bf4 a6 10. a4 Qa5 11. Bd3 Qc7 12. O-O Ne5 13. Nxe5 dxe5 14. Bg5 Qb6 15. Qf3 Be7 16. a5 Qd6 17. Qe2 Nxd5 18. exd5 Bxg5 19. Ne4 Qd8 20. Nxg5 Qxg5 21. f4 Qe7 22. fxe5 O-O 23. Qe4 g6 24. e6 Kh8 25. Rae1 f6 26. Qf4 g5 27. Qf5 c4 28. Bc2 Qg7 29. d6 Rb8 30. d7 Bxd7 31. exd7 Rbd8 32. Ba4 Qf7 33. Qe6 Kg7 34. Re2 h6 35. Rfe1 Qxe6 36. Rxe6 Rxd7 37. Bxd7 Rd8 38. Re7+ Kg6 39. Be8+ 1-0

[Event "Portuguese-ch U10-12 2022"]
[Site "Fatima"]
[Date "2022.04.11"]
[Round "3.6"]
[White "Fernandes, Martim"]
[Black "Oliveira, Afonso Duarte Q"]
[Result "1/2-1/2"]
[ECO "B00"]
[WhiteElo "1413"]
[BlackElo "1101"]
[Annotator "NA RC"]
[PlyCount "91"]
[EventDate "2022.04.10"]
[EventType "swiss"]
[EventCountry "POR"]
[SourceTitle "playchess.com"]
[Source "ChessBase"]
[SourceQuality "1"]
[TimeControl "5400+30"]

1. e4 b6 2. d4 Bb7 3. Nc3 e6 4. Nf3 Ne7 5. Bf4 d5 6. Bd3 Ng6 7. Bg3 Bb4 8. e5 Nd7 9. a3 Bxc3+ 10. bxc3 c5 11. Be2 c4 12. h4 h6 13. h5 Ne7 14. Bh4 f6 15. exf6 Nxf6 16. Ne5 Nf5 17. Ng6 Rg8 18. Bf3 Nxh4 19. Rxh4 Qd7 20. Ne5 Qe7 21. Rh3 Nd7 22. Ng6 Qf6 23. Bg4 O-O-O 24. Re3 Rge8 25. Qe2 Kb8 26. f4 Nf8 27. Nxf8 Qxf8 28. g3 Bc8 29. Kd2 Qf6 30. Re1 Rd6 31. Kd1 Kb7 32. f5 exf5 33. Rxe8 fxg4 34. Qe7+ Qxe7 35. R8xe7+ Ka6 36. Rxg7 Rf6 37. Rg1 Rf3 38. Kd2 Rf2+ 39. Kd1 Rh2 40. Re1 Bf5 41. Re2 Rxh5 42. Rf7 Be4 43. Ref2 Rh3 44. R7f6 Rxg3 45. Rxh6 Rxc3 46. Kd2 1/2-1/2

[Event "Portuguese-ch U10-12 2022"]
[Site "Fatima"]
[Date "2022.04.11"]
[Round "3.7"]
[White "Castro, Daniel De Freitas"]
[Black "Moldovan, Lucas Gabriel"]
[Result "1/2-1/2"]
[ECO "B23"]
[WhiteElo "2036"]
[BlackElo "1575"]
[Annotator "NA RC"]
[PlyCount "54"]
[EventDate "2022.04.10"]
[EventType "swiss"]
[EventCountry "POR"]
[SourceTitle "playchess.com"]
[Source "ChessBase"]
[SourceQuality "1"]
[TimeControl "5400+30"]

1. e4 c5 2. Nc3 a6 3. f4 e6 4. d3 d5 5. exd5 exd5 6. Nf3 Nf6 7. d4 Nc6 8. Be3 c4 9. Ne5 Bb4 10. Nxc6 (10. Be2 $17) 10... bxc6 11. Bd2 O-O 12. Be2 Bxc3 13. Bxc3 Ne4 14. O-O Rb8 15. Rb1 Bf5 16. Qe1 Nxc3 (16... Qd6 $17) 17. Qxc3 Qb6 $11 (17... Qd6 $15) 18. b3 Qb4 19. Qxb4 Rxb4 20. bxc4 Ra4 21. cxd5 cxd5 22. Rb2 Rxd4 23. Bxa6 Rd2 24. Rf2 Rd1+ 25. Rf1 Rd2 26. Rf2 Rd1+ 27. Rf1 Rd2 1/2-1/2